 Dungeon Crawl Stone Soup version 0.27.0-1-g7a089689b8 (webtiles) character file.

Game seed: 17080208986550731964

125 Gunterle the Skirmisher (level 5, -1/41 HPs)
             Began as a Djinni Monk on Aug 6, 2021.
             Slain by an orc (4 damage)
             ... on level 4 of the Dungeon.
             The game lasted 00:07:57 (3074 turns).

Gunterle the Skirmisher (Djinni Monk)               Turns: 3074, Time: 00:07:57

Health: -1/41      AC:  2    Str: 11    XL:     5   Next: 30%
Gold:   144        EV: 13    Int: 12    God:
                   SH:  0    Dex: 15

rFire    + + .     SeeInvis .   h - +0 long sword (vamp)
rCold    x . .     Faith    .   (no shield)
rNeg     . . .     Spirit   .   b - +0 robe
rPois    ∞         Reflect  .   (no helmet)
rElec    .         Harm     .   (no cloak)
rCorr    .         Rampage  .   (no gloves)
Will     +....                  (boots unavailable)
Stlth    ++........             (no amulet)
HPRegen  0.13/turn              k - ring of willpower
MPRegen  0.00/turn              (no ring)

@: flying, hasted, very quick
A: sickness immunity, fire resistance 2, cold vulnerability 1, float, innate
caster, hp casting, extra vitality 1
a: no special abilities


You were on level 4 of the Dungeon.
You visited 1 branch of the dungeon, and saw 4 of its levels.
You also visited: Sewer.

You collected 144 gold pieces.

Inventory:

Hand Weapons
 a - a +0 falchion
 h - a +0 vampiric long sword (weapon)
Missiles
 d - 85 stones (quivered)
 f - 23 bolts
 i - 29 arrows
Armour
 b - a +0 robe (worn)
 j - a +0 leather armour
Jewellery
 k - a ring of willpower (left hand)
Wands
 l - a wand of iceblast (7)


   Skills:
 * Level 4.2 Fighting
 * Level 3.8 Long Blades
 + Level 1.1 Armour
 - Level 3.7 Dodging
 - Level 1.5 Stealth


You had one spell level left.
You knew the following spells:

 Your Spells              Type           Power      Damage    Failure   Level
a - Corona                Hex            0%         N/A       32%         1
b - Wereblood             Tmut           0%         N/A       45%         2
Your spell library was empty.

Dungeon Overview and Level Annotations

Branches:
Dungeon (4/15)              Sewer (visited)
 Temple: D:4-7

Altars:


Innate Abilities, Weirdness & Mutations

You are immune to sickness and miasma.
You are immune to poison.
Your flesh is very heat resistant. (rF++)
You are vulnerable to cold. (rC-)
You float through the air rather than walking.
You learn spells naturally, not from books.
Your magical power is your life essence.
You have superior vitality. (+4 HP)


Message History

You kill the orc priest!
The orc hits you with a +0 short sword.
Your Armour skill increases to level 1!
You have reached level 5!
The power to cast Wereblood wells up from within.
Spell assigned to 'b'.
The orc hits you with a +0 short sword.
* * * LOW HITPOINT WARNING * * *
You hit the orc.
The orc is heavily wounded.
The orc misses you.
You hit the orc but do no damage.
The orc is heavily wounded.
The orc hits you with a +0 club.
* * * LOW HITPOINT WARNING * * *
Unknown command.
The orc throws a boomerang.
The boomerang closely misses you.
The orc throws a boomerang.
The boomerang hits you.
* * * LOW HITPOINT WARNING * * *
It was a potion of flight.
You feel more buoyant.
It was a potion of haste.
You feel yourself speed up. The orc hits you but does no damage.
Unknown command.
Okay, then.
As you read the scroll labelled TEOTES WEEPTA, it crumbles to dust.
You hear a loud clanging noise!
It was a scroll of noise.
Unknown command.
You slash the kobold!
You kill the kobold!
The orc completely misses you.
You closely miss the orc.
The orc is heavily wounded.
The orc misses you. The orc barely misses you.
Unknown command.
You hit the orc.
You kill the orc!
The orc hits you with a +0 short sword.
You die...

*#.###,*,* #...# *,* *,***
,#.....,,* #...#####.* *,,,*
,*##...#** #####.........****,*,*
,##.....####.............*,,>,*,*
,......).....K..........,*,,,,,,,
,#...[.).###....<.......**,,,****
<#.....#.# #####...####.#**,**
,#....##.# #o)......#**>****
*#.##.*#.# #@..#####.,,,,,,*
*#,*#,*#.# #...# *,**,**,*
,*,,,,,..# ##.######.#*,**,*#
,,,,,,*### #####......##.#*,,,..,
,****** ##......#.#.##.#****.#,
** *#..#........##.#####.#, *
##.#.#......#.##.......#, *
#.###.....#...>.>.#...##* *
##.#.###......##....#..#


You could see an orc.

Vanquished Creatures
  An orc priest (D:4)
  A river rat (D:4)
  3 gnolls
  An adder skeleton (D:3)
  2 worms
  A dart slug (D:1)
  An orc (D:4)
  6 ball pythons
  4 endoplasms (D:1)
  2 giant cockroaches (D:2)
  A goblin (D:2)
  5 hobgoblins
  2 jackals (Sewer)
  2 quokkas
  3 bats
  3 frilled lizards
  7 kobolds
  A quokka skeleton (D:3)
  3 rats
49 creatures vanquished.

Vanquished Creatures (others)
  2 withered plants (D:3)
2 creatures vanquished.

Grand Total: 51 creatures vanquished

Notes
Turn   | Place    | Note
-------+----------+-------------------------------------------
     0 | D:1      | Gunterle the Djinni Monk began the quest for the Orb.
     0 | D:1      | Reached XP level 1. HP: 20/20 MP: 0/0
   230 | D:1      | Reached XP level 2. HP: 14/25 MP: 0/0
  1072 | D:2      | Reached XP level 3. HP: 21/30 MP: 0/0
  1072 | D:2      | Learned a level 1 spell: Corona
  2522 | D:4      | Reached XP level 4. HP: 37/37 MP: 0/0
  2544 | D:4      | Found a glowing drain.
  2548 | Sewer    | Entered a sewer
  2685 | Sewer    | Noticed a water moccasin
  2822 | D:4      | Reached skill level 4 in Fighting
  3047 | D:4      | Found the +2 hat of the Bear Spirit {Spirit, +Rage rN+
                  | Will++}
  3057 | D:4      | Reached skill level 1 in Armour
  3057 | D:4      | Reached XP level 5. HP: 13/41 MP: 0/0
  3057 | D:4      | Learned a level 2 spell: Wereblood
  3066 | D:4      | HP: 2/41 [orc/boomerang (5)]
  3074 | D:4      | Slain by an orc

Illustrated notes

Levels and vault maps discovered:
D:1:      zelgadis_glass_arrival_small, layout_rooms
D:2:      kennysheep_big_flooded_room, layout_basic
D:3:      layout_basic, serial_undead, serial_undead_e, serial_undead_d,
          serial_undead_e, serial_undead_a, serial_undead_d, serial_undead_f,
          serial_shops, nicolae_shop_statue_plus
D:4:      layout_loops_cross, gup_sewer_entry_bowl

Skill      XL: |  1  2  3  4 |
---------------+-------------+-----
Long Blades    | 3 |  3.8
Fighting       | 4 |  4.2
Armour         | 1 |  1.1
Dodging        | |  3.7
Stealth        | |  1.5

Action                   |  1- 3 |  4- 6 || total
-------------------------+-------+-------++-------
Melee: Falchion          |    69 |       ||    69
       Long sword        |    23 |    61 ||    84
 Cast: Corona            |     3 |       ||     3
  Use: Scroll            |     1 |     1 ||     2
       Potion            |       |     2 ||     2
 Stab: Sleeping          |     6 |       ||     6
Armor: Robe              |     6 |     7 ||    13
Dodge: Dodged            |    56 |    42 ||    98
       Rpst.: Falchion   |    14 |       ||    14
       Long sword        |     1 |    11 ||    12
